 Dungeon Sprint DCSS version 0.28.0-53-g5a82cb258f (webtiles) character file.

Game seed: 1060045183711890335

1234 Zeld the Cleaver (level 8, 0/69 (84) HPs)
             Began as a Minotaur Berserker on June 12, 2022.
             Was an Elder of Trog.
             Slain by Sonja
             ... wielding a +2 dagger of draining
              (1 damage)
             ... in the Dungeon (Sprint I: "Red Sonja").
             The game lasted 00:01:06 (1089 turns).

Zeld the Cleaver (Minotaur Berserker)               Turns: 1089, Time: 00:01:07

HP:   0/69 (84)     AC:  2    Str: 24    XL:     8   Next: 24%
MP:   7/7           EV: 14    Int:  4    God:    Trog [****..]
Gold: 167           SH:  0    Dex: 10    Spells: 7/7 levels left

rFire   . . .      SeeInvis .   j - +2 dagger (venom)
rCold   . . .      Faith    .   (no shield)
rNeg    . . .      Spirit   .   b - +0 animal skin
rPois   .          Reflect  .   (helmet restricted)
rElec   .          Harm     .   (no cloak)
rCorr   .          Rampage  .   (no gloves)
Will    .....      NoTele   +   (no boots)
Stlth   +.........              (no amulet)
HPRegen 0.21/turn               (no ring)
MPRegen 0.10/turn               (no ring)

@: lethally poisoned (0 -> -4), slowed, heavily drained, very slow
A: horns 2, retaliatory headbutt
a: Renounce Religion, Berserk, Trog's Hand, Brothers in Arms


You were in the Dungeon.
You worshipped Trog.
Trog was greatly pleased with you.
You visited 1 branch You collected 405 gold pieces.
You spent 238 gold pieces at shops.

Inventory:

Hand Weapons
 a - a +0 hand axe
 j - a +2 dagger of venom (weapon)
Armour
 b - a +0 animal skin (worn)
Wands
 i - a wand of flame (7)
Scrolls
 h - a scroll of blinking
Potions
 c - a potion of curing
 d - 4 potions of heal wounds
 e - a potion of haste
 f - 2 potions of magic
 g - a potion of berserk rage
 l - 2 potions of brilliance {unknown}


   Skills:
 * Level 12.3 Fighting
 * Level 12.4 Axes
 + Level 8.9 Armour
 + Level 8.0 Dodging
 + Level 5.4 Evocations


You had 7 spell levels left.
You didn't know any spells.
Your spell library was empty.

Dungeon Overview and Level Annotations

Branches:
Dungeon (1/1)

Altars:
Cheibriados
Dithmenos
Elyvilon
Fedhas
Gozag
Hepliaklqana
Kikubaaqudgha
Makhleb
Nemelex Xobeh
Okawaru
Qazlal
Ru
Sif Muna
Trog
Uskayaw
Vehumet
Wu Jian
Xom
Yredelemnul
Zin
The Shining One
Jiyva
Lugonu

Shops:
D *

Annotations:
D Sonja


Innate Abilities, Weirdness & Mutations

You have a pair of horns on your head.
You reflexively headbutt those who attack you in melee.


Message History

Aim: Sonja, wielding a +2 dagger of draining and quivering curare-tipped darts (lightly wounded, 33% to hit)
The puff of flame hits Sonja.
Sonja is moderately wounded.
You feel very sick.
You closely miss Sonja.
Sonja is moderately wounded.
You feel very sick. Sonja closely misses you.
Sonja hits you with a +2 dagger of draining!
You feel drained.
Sonja hits you with a +2 dagger of draining.
You feel drained. Sonja closely misses you. You furiously retaliate!
You headbutt Sonja. Sonja misses you.
Sonja hits you with a +2 dagger of draining.
You feel drained.
You miss Sonja. Your headbutt misses Sonja.
Sonja is heavily wounded.
You feel very sick. Sonja misses you. Sonja closely misses you.
Sonja hits you with a +2 dagger of draining.
You feel drained. Sonja closely misses you. Sonja barely misses you.
Sonja hits you with a +2 dagger of draining!
You feel drained.
Unknown command.
You hit Sonja but do no damage.
Sonja is poisoned.
Your headbutt misses Sonja.
Sonja is heavily wounded.
You feel sick.
Sonja hits you with a +2 dagger of draining!
* * * LOW HITPOINT WARNING * * *
You feel drained.
* * * LOW HITPOINT WARNING * * *
Sonja hits you with a +2 dagger of draining.
* * * LOW HITPOINT WARNING * * *
You feel drained.
* * * LOW HITPOINT WARNING * * *
Sonja completely misses you.
Sonja hits you with a +2 dagger of draining!
* * * LOW HITPOINT WARNING * * *
You feel drained.
You die...

##########################
#<.#.))..#..'..#__#..')..#
#..'..#..').#..'..'..#[..#
#..#####'#####'#__####...+
#..####..#...#(#### #####
#..#__####..##.#
#..#_____##'#_.+
#⌠⌠#_.∩?..'..._#
####_..__##_@#'#
#_____###K#.# #######
#.### $.$ $.$ ##.## #+#


You could see Sonja (very poisoned).

Vanquished Creatures
  2 kobold demonologists (D)
  A slime creature (D)
  Sigmund (D)
  A yak (D)
  A floating eye (D)
  An ogre (D)
  A jelly (D)
  Ijyb (D)
9 creatures vanquished.

Notes
Turn   | Place    | Note
-------+----------+-------------------------------------------
     0 | D        | Zeld the Minotaur Berserker began the quest for the Orb.
     0 | D        | Reached XP level 1. HP: 19/19 MP: 0/0
     1 | D        | Noticed Ijyb
     8 | D        | Killed Ijyb
     9 | D        | Reached skill level 5 in Fighting
     9 | D        | Reached skill level 5 in Axes
     9 | D        | Reached XP level 2. HP: 25/29 MP: 1/1
   123 | D        | Noticed an ogre
   129 | D        | Killed an ogre
   130 | D        | Reached skill level 5 in Armour
   130 | D        | Reached XP level 3. HP: 39/39 MP: 2/2
   130 | D        | Reached XP level 4. HP: 47/47 MP: 3/3
   291 | D        | Noticed Sigmund
   296 | D        | Killed Sigmund
   296 | D        | Reached ** piety under Trog
   297 | D        | Reached skill level 5 in Dodging
   297 | D        | Reached XP level 5. HP: 57/57 MP: 4/4
   297 | D        | Reached XP level 6. HP: 63/63 MP: 5/5
   451 | D        | Found a burning altar of Makhleb.
   451 | D        | Found a viscous altar of Jiyva.
   451 | D        | Found a shimmering altar of Xom.
   451 | D        | Found a corrupted altar of Lugonu.
   451 | D        | Noticed a slime creature
   455 | D        | Killed a slime creature
   456 | D        | Reached skill level 10 in Fighting
   456 | D        | Reached skill level 10 in Axes
   517 | D        | Noticed a kobold demonologist
   517 | D        | Noticed a floating eye
   520 | D        | Noticed a chaos spawn
   520 | D        | Killed a floating eye
   521 | D        | Reached XP level 7. HP: 73/73 MP: 6/6
   521 | D        | Noticed a kobold demonologist
   522 | D        | Noticed a smoke demon
   531 | D        | Killed a kobold demonologist
   531 | D        | Reached *** piety under Trog
   537 | D        | Killed a kobold demonologist
   538 | D        | Reached skill level 5 in Evocations
   538 | D        | Reached XP level 8. HP: 31/83 MP: 7/7
   757 | D        | Found an ornate altar of the Wu Jian Council.
   757 | D        | Found a shimmering blue altar of Sif Muna.
   759 | D        | Found a radiant altar of Vehumet.
   934 | D        | Found Zyrhups's General Store.
   934 | D        | Found an ancient bone altar of Kikubaaqudgha.
   934 | D        | Found a hazy altar of Hepliaklqana.
   934 | D        | Found a stormy altar of Qazlal.
   934 | D        | Found a hide-covered altar of Uskayaw.
   934 | D        | Found a blossoming altar of Fedhas.
   934 | D        | Found a bloodstained altar of Trog.
   934 | D        | Found an iron altar of Okawaru.
   934 | D        | Found a basalt altar of Yredelemnul.
   934 | D        | Found a glowing golden altar of the Shining One.
   934 | D        | Found a snail-covered altar of Cheibriados.
   934 | D        | Found a sacrificial altar of Ru.
   934 | D        | Found a glowing silver altar of Zin.
   934 | D        | Found a shadowy altar of Dithmenos.
   934 | D        | Found a white marble altar of Elyvilon.
   935 | D        | Found an opulent altar of Gozag.
   939 | D        | Reached **** piety under Trog
   940 | D        | Found a sparkling altar of Nemelex Xobeh.
  1073 | D        | Bought a scroll of identify for 28 gold pieces
  1073 | D        | Bought 3 potions of heal wounds for 210 gold pieces
  1084 | D        | Noticed Sonja
  1089 | D        | HP: 1/71 [Sonja/+2 dagger of draining (7)]
  1089 | D        | Slain by Sonja

Illustrated notes

Levels and vault maps discovered:
D:        dungeon_sprint_1 [red_sonja_temple_1, red_sonja_temple_small_1]

Skill      XL: |  1  2  3  4  5  6  7  8 |
---------------+-------------------------+-----
Fighting       | 5 7 9 10 12 | 12.3
Axes           | 5 7 9 10 12 | 12.4
Armour         | 3 5 6 7 8 |  8.9
Dodging        | 3 4 5 6 7 8 |  8.0
Evocations     | 2 4 5 |  5.4

Action                   |  1- 3 |  4- 6 |  7- 9 || total
-------------------------+-------+-------+-------++-------
Melee: Hand axe          |     9 |     8 |    16 ||    33
       Headbutt          |     2 |     3 |     6 ||    11
       Dagger            |       |       |     9 ||     9
Invok: Berserk           |     2 |     3 |       ||     5
Evoke: Wand              |       |       |     2 ||     2
  Use: Scroll            |       |       |     1 ||     1
Armor: Animal skin       |     1 |     1 |       ||     2
Dodge: Dodged            |     3 |     2 |    15 ||    20
